 Dungeon Crawl Stone Soup version 0.29-a0-6-ga859fcf985 (webtiles) character file.

Game seed: 5340212535841039567

8943 Taliesin42 the Basher (level 11, -2/105 HPs)
             Began as a Troll Earth Elementalist on Jan 25, 2022.
             Was an Elder of Wu Jian.
             Slain by a sixfirhy (6 damage)
             ... summoned by an orc high priest
             ... on level 2 of the Orcish Mines on Jan 27, 2022.
             The game lasted 01:59:44 (9598 turns).

Taliesin42 the Basher (Troll Earth Elementalist)    Turns: 9598, Time: 01:59:45

Health: -2/105     AC:  8    Str: 22    XL:     11   Next: 16%
Magic:  14/14      EV: 12    Int: 15    God:    Wu Jian [****..]
Gold:   942        SH:  0    Dex: 15    Spells: 9/15 levels left

rFire   + . .      SeeInvis .   T - +6 giant spiked club of Ivath {speed, rElec Dex+5}
rCold   . . .      Faith    .   (shield currently unavailable)
rNeg    . . .      Spirit   .   R - +2 robe {Archmagi}
rPois   .          Reflect  .   (helmet restricted)
rElec   +          Harm     .   M - +1 cloak "Fijina Yxt" {Will+ Regen+ Int+4}
rCorr   .          Rampage  .   (gloves unavailable)
Will    +....      Archmagi +   (boots unavailable)
Stlth   +.........              (no amulet)
HPRegen 1.87/turn               q - ring of wizardry
MPRegen 0.14/turn               s - ring of protection from fire

@: silenced, spiked, studying Evocations
A: large, unfitting armour, claws 3, regeneration 1, shaggy fur 1, tough skin 1
a: Renounce Religion, Wall Jump


You were on level 2 of the Orcish Mines.
You worshipped Wu Jian.
Wu Jian was greatly pleased with you.
You visited 4 branches of the dungeon, and saw 13 of its levels.
You also visited: Ossuary.

You collected 942 gold pieces.

Inventory:

Hand Weapons
 o - a +0 flail of protection
 y - a +3 quarterstaff of chaos
 D - a +0 dagger of pain
 E - a +4 long sword
 J - a +0 shortbow
 L - a +2 war axe of freezing
 T - the +6 giant spiked club of Ivath (weapon) {speed, rElec Dex+5}
   (You found it on level 7 of the Dungeon)

   Attacks with this weapon are significantly faster.
   Dex:       It affects your dexterity (+5).
   rElec:     It insulates you from electricity.
 V - a +4 scimitar
 W - a +4 halberd
Missiles
 a - 10 boomerangs
 c - 226 stones
 g - 120 arrows
 h - 144 sling bullets
 j - 19 poisoned darts
 A - a throwing net
 I - 89 bolts
Armour
 n - an orb of guile
 B - a +0 robe of fire resistance
 K - a +0 tower shield
 M - the +1 cloak "Fijina Yxt" (worn) {Will+ Regen+ Int+4}
   (You found it on level 7 of the Dungeon)

   Int:       It affects your intelligence (+4).
   Regen:     It increases your rate of health regeneration.
   Will:      It increases your willpower.
 R - a +2 robe of the Archmagi (worn)
Magical Staves
 U - a staff of poison
Jewellery
 b - a ring of magical power
 q - a ring of wizardry (left claw)
 s - a ring of protection from fire (right claw)
Wands
 i - a wand of acid (6)
 l - a wand of iceblast (6)
 X - a wand of flame (8)
 Z - a wand of polymorph (11)
Scrolls
 e - 2 scrolls of fear
 f - a scroll of silence
 p - 2 scrolls of teleportation
 r - a scroll of torment {unknown}
 t - a scroll of summoning {unknown}
 v - a scroll of fog {unknown}
 w - a scroll of noise {unknown}
 z - a scroll of blinking {unknown}
 F - a scroll of enchant weapon {unknown}
 P - 3 scrolls of vulnerability {unknown}
 Q - a scroll of immolation {unknown}
 Y - a scroll of magic mapping {unknown}
Potions
 d - 5 potions of haste {unknown}
 k - a potion of resistance {unknown}
 m - 5 potions of degeneration
 u - 3 potions of mutation {unknown}
 x - 5 potions of berserk rage
 C - 3 potions of heal wounds {unknown}
 G - 2 potions of ambrosia {unknown}
 H - 2 potions of brilliance
 N - 2 potions of curing {unknown}
 O - a potion of lignification {unknown}
 S - a potion of flight {unknown}


   Skills:
 + Level 5.8 Fighting
 + Level 0.9 Short Blades
 + Level 8.3(9.8) Maces & Flails
 + Level 7.1(8.7) Staves
 + Level 6.0 Dodging
 + Level 2.2 Stealth
 + Level 0.6 Unarmed Combat
 + Level 2.7 Spellcasting
 + Level 0.1 Hexes
 + Level 0.6 Transmutations
 + Level 4.6 Earth Magic
 + Level 0.3 Evocations


You had 9 spell levels left.
You knew the following spells:

 Your Spells              Type           Power      Damage    Failure   Level
a - Sandblast             Erth           46%        2d11      1%          1
b - Passwall              Tmut/Erth      11%        N/A       4%          2
c - Blink                 Tloc           6%         N/A       12%         2
d - Slow                  Hex            12%        N/A       9%          1

Your spell library contained the following spells:

 Spells                   Type           Power      Damage    Failure   Level
 Wereblood                Tmut           5%         N/A       10%         2
 Stone Arrow              Conj/Erth      26%        3d8       10%         3
 Sublimation of Blood     Necr           3%         N/A       12%         2
 Confusing Touch          Hex            3%         N/A       24%         3
 Tukima's Dance           Hex            3%         N/A       24%         3
 Vampiric Draining        Necr           3%         2d6       24%         3
 Petrify                  Tmut/Erth      14%        N/A       26%         4
 Passage of Golubria      Tloc           3%         N/A       58%         4
 Yara's Violent Unravell  Hex/Tmut       2%         3d3       86%         5
 Manifold Assault         Tloc           3%         N/A       89%         5
 Silence                  Hex/Air        1%         N/A       89%         5
 Storm Form               Tmut/Air       2%         N/A       100%        7
 Summon Hydra             Summ           1%         N/A       100%        7
 Lehudib's Crystal Spear  Conj/Erth      6%         10d3      100%        8


Dungeon Overview and Level Annotations

Branches:
Dungeon (9/15)             Temple (1/1) D:5            Lair (1/6) D:9
    Orc (2/2) D:9             Elf (0/3) Orc:2       Ossuary (visited)

Altars:
Ashenzari
Cheibriados
Dithmenos
Elyvilon
Fedhas
Gozag
Hepliaklqana
Kikubaaqudgha
Makhleb
Nemelex Xobeh
Okawaru
Qazlal
Ru
Sif Muna
Trog
Uskayaw
Vehumet
Wu Jian
Xom
Yredelemnul
Zin
The Shining One
Beogh

Shops:
Orc:1 =


Innate Abilities, Weirdness & Mutations

You are too large for most types of armour.
You have claws for hands.
Your natural rate of healing is unusually fast.
You are covered in fur. (AC +1)
You have tough skin. (AC +1)


Message History

The sticky flame misses you.
The red devil hits you from afar with a +0 trident!!
Barbed spikes become lodged in your body.
The barbs in your skin will harm you if you move.
Continue?
Okay, then.
You cannot cast spells when silenced!
Magic scrolls do not work when you're silenced!
Unknown command.
You hit the sixfirhy.
The sixfirhy is lightly wounded.
The orc high priest hits you from afar with a +0 glaive!
The smoke demon hits you but does no damage. x2
The smoke demon barely misses you.
The red devil hits you from afar with a +0 trident.
* * * LOW HITPOINT WARNING * * *
Barbed spikes become lodged in your body.
Unknown command.
Magic scrolls do not work when you're silenced!
Unknown command.
The sixfirhy hits you but does no damage.
The sixfirhy barely misses you.
The orc high priest hits you from afar with a +0 glaive!
* * * LOW HITPOINT WARNING * * *
The smoke demon hits you.
* * * LOW HITPOINT WARNING * * *
The smoke demon barely misses you.
The smoke demon hits you but does no damage.
The red devil hits you from afar with a +0 trident!
* * * LOW HITPOINT WARNING * * *
Barbed spikes become lodged in your body.
The sixfirhy hits you.
* * * LOW HITPOINT WARNING * * *
The sixfirhy shocks you. You resist.
* * * LOW HITPOINT WARNING * * *
Unknown command.
You cannot cast spells when silenced!
You completely miss the sixfirhy.
The sixfirhy is lightly wounded.
The sixfirhy hits you.
You die...

#...#................##
##$#................##
##...#............##
#...###...........#
....##.#.......<..# ...
#.............## ..
.#.............###
........)34......##
........@3o.......#
.......###.......##
.......#..........###
......###.......$...###
......##..o...........#
............o.(..##....#
.............<..#####.##
..............### ##
...........#


You could see an orc high priest, a sixfirhy (summoned), a smoke demon
(summoned, unsilenced) and a red devil (summoned).

Vanquished Creatures
  An orc knight (Orc:1)
  2 orc sorcerers
  A cyclops (Orc:2)
  A rime drake (Lair:1)
  A troll (Orc:2)
  2 wyverns
  A wraith (D:9)
  4 vampire mosquitoes (D:7)
  5 wargs
  A water moccasin (D:9)
  A floating eye (shapeshifter) (D:6)
  3 sky beasts
  An ice beast (D:7)
  13 orc warriors
  2 necrophages
  4 ogres (Orc:1)
  A centaur (D:6)
  An elf zombie (Ossuary)
  2 kobold brigands (D:7)
  A wyvern zombie (D:6)
  A gnoll sergeant (D:9)
  3 bullfrogs
  A scorpion (D:6)
  13 wights
  5 centaur zombies
  A human zombie (Ossuary)
  4 hounds
  11 orc priests
  Crazy Yiuf (D:3)
  A gnoll shaman (D:9)
  3 jellies
  4 iguanas
  5 orc wizards
  2 killer bee zombies
  2 mummies (Ossuary)
  A howler monkey zombie (D:8)
  9 adders
  19 gnolls
  2 worms
  3 dart slugs
  48 orcs
  6 endoplasms
  3 giant cockroaches
  12 goblins
  5 hobgoblins
  5 jackals (D:1)
  15 kobolds
  10 ball pythons
  3 bats
  3 frilled lizards
  2 goblin zombies (Ossuary)
  14 hobgoblin zombies (Ossuary)
  10 kobold zombies (Ossuary)
  4 orc zombies (Ossuary)
  7 rats
  A rat zombie (Ossuary)
287 creatures vanquished.

Vanquished Creatures (others)
  7 plants
7 creatures vanquished.

Grand Total: 294 creatures vanquished

Notes
Turn   | Place    | Note
-------+----------+-------------------------------------------
     0 | D:1      | Taliesin42 the Troll Earth Elementalist began the quest for
                  | the Orb.
     0 | D:1      | Reached XP level 1. HP: 16/16 MP: 1/1
   225 | D:1      | Reached XP level 2. HP: 24/24 MP: 3/3
   236 | D:1      | Learned a level 2 spell: Passwall
   741 | D:1      | Reached XP level 3. HP: 29/32 MP: 0/4
  1254 | D:2      | Reached skill level 1 in Maces & Flails
  1291 | D:2      | Reached XP level 4. HP: 22/40 MP: 5/5
  1924 | D:3      | Found a runed translucent door.
  1925 | D:3      | Noticed Crazy Yiuf
  1957 | D:3      | Killed Crazy Yiuf
  2311 | D:4      | Reached skill level 1 in Fighting
  2311 | D:4      | Reached XP level 5. HP: 48/48 MP: 6/6
  2665 | D:5      | Entered Level 5 of the Dungeon
  3267 | D:5      | Found a stormy altar of Qazlal.
  3267 | D:5      | Noticed a necrophage
  3286 | D:5      | Killed a necrophage
  3287 | D:5      | Reached skill level 1 in Staves
  3287 | D:5      | Reached XP level 6. HP: 55/55 MP: 5/7
  3495 | D:5      | Found a staircase to the Ecumenical Temple.
  3508 | Temple   | Entered the Ecumenical Temple
  3574 | Temple   | Became a worshipper of the Wu Jian Council
  3629 | D:5      | Noticed a sky beast
  3651 | D:5      | Killed a sky beast
  3911 | D:5      | Reached XP level 7. HP: 62/63 MP: 8/8
  4055 | D:5      | Learned a level 2 spell: Blink
  4629 | D:6      | Reached * piety under Wu Jian
  4630 | D:6      | Reached XP level 8. HP: 74/74 MP: 9/9
  4651 | D:6      | Learned a level 1 spell: Slow
  4730 | D:6      | Noticed a shapeshifter
  4730 | D:6      | an orc priest changed into a shapeshifter
  4730 | D:6      | Noticed a komodo dragon
  4730 | D:6      | a shapeshifter changed into a komodo dragon
  4731 | D:6      | Noticed a steelbarb worm
  4731 | D:6      | a komodo dragon changed into a steelbarb worm
  4740 | D:6      | HP: 3/74 [something (22)]
  4741 | D:6      | Noticed a two-headed ogre
  5341 | D:7      | Reached skill level 5 in Staves
  5454 | D:7      | Identified the +1 cloak "Fijina Yxt" {Will+ Regen+ Int+4}
  5467 | D:7      | Found a sand-covered staircase.
  5471 | Ossuary  | Entered an ossuary
  5619 | Ossuary  | Reached ** piety under Wu Jian
  6042 | D:7      | Reached XP level 9. HP: 72/81 MP: 11/11
  6360 | D:7      | Reached *** piety under Wu Jian
  6506 | D:7      | Identified the +6 giant spiked club of Ivath {speed, rElec
                  | Dex+5}
  6919 | D:8      | Reached skill level 5 in Dodging
  6948 | D:8      | Reached skill level 2 in Maces & Flails
  7469 | D:8      | Reached skill level 3 in Maces & Flails
  7613 | D:8      | Reached skill level 4 in Maces & Flails
  7616 | D:8      | Upgraded the game from 0.29-a0-1-gf2d273c862 to
                  | 0.29-a0-6-ga859fcf985
  7632 | D:8      | Reached XP level 10. HP: 84/94 MP: 12/12
  7658 | D:9      | Found a staircase to the Lair.
  7768 | Lair:1   | Entered Level 1 of the Lair of Beasts
  7777 | Lair:1   | Reached skill level 5 in Fighting
  7782 | Lair:1   | Reached skill level 5 in Maces & Flails
  7825 | Lair:1   | Noticed a four-headed hydra
  7881 | D:9      | Found a flagged portal.
  8153 | D:9      | Found a staircase to the Orcish Mines.
  8351 | Orc:1    | Entered Level 1 of the Orcish Mines
  8533 | Orc:1    | Reached skill level 6 in Maces & Flails
  8548 | Orc:1    | Found Nawisun's Jewellery Shop.
  8558 | Orc:1    | Reached **** piety under Wu Jian
  8683 | Orc:1    | Noticed an orc sorcerer
  8726 | Orc:1    | Killed an orc sorcerer
  8818 | Orc:1    | Reached skill level 7 in Maces & Flails
  8907 | Orc:2    | Entered Level 2 of the Orcish Mines
  9045 | Orc:2    | Noticed an orc sorcerer
  9047 | Orc:2    | Noticed an orc knight
  9199 | Orc:1    | Killed an orc knight
  9275 | Orc:2    | Reached XP level 11. HP: 105/105 MP: 13/13
  9342 | Orc:2    | Killed an orc sorcerer
  9343 | Orc:2    | Reached skill level 8 in Maces & Flails
  9507 | Orc:2    | Found a staircase to the Elven Halls.
  9515 | Orc:2    | Noticed an orc high priest
  9517 | Orc:2    | Noticed a soul eater
  9593 | Orc:2    | Noticed a sixfirhy
  9597 | Orc:2    | HP: 5/105 [sixfirhy[an orc high priest] (4)]
  9597 | Orc:2    | HP: 2/105 [sixfirhy[an orc high priest] (3)]
  9598 | Orc:2    | Slain by a sixfirhy

Illustrated notes

Levels and vault maps discovered:
D:1:      zelgadis_glass_arrival_small, layout_rooms, grunt_decor_mini_mirrors,
          grunt_decor_cap
D:2:      layout_basic, minmay_randomly_rotated_circles
D:3:      layout_rooms, uniq_crazy_yiuf_cottage
D:4:      layout_rooms, moated_statue, ebering_dispersal_statue_hall
D:5:      layout_cave_pods, nicolae_qazlal_scattered_showers,
          minmay_temple_entry_sparse_star, minmay_holes, serial_bayou_lagoon_a,
          dk_noncrumbling_4, minmay_misc_feat_hallway
D:6:      layout_basic
D:7:      layout_loops_cross, lightli_ossuary_entry_decrepit_ruins
D:8:      layout_rooms, minmay_fountain_box
D:9:      layout_basic, erik_lair_orcish_takeover, orc_0_dummy, enter_bailey_3
Temple:   compressed_dpeg_triangle_lava_temple
Lair:1:   layout_gridlike, nzn_sisyphean_effort, lemuel_fruit_tree
Orc:1:    layout_diamond_mine, serial_shops, shop, minmay_orc_temple_b
Orc:2:    st_orc_congregation, layout_diamond_mine

Skill      XL: |  1  2  3  4  5  6  7  8  9 10 11 |
---------------+----------------------------------+-----
Earth Magic    | 3 4 |  4.6
Dodging        | 2 3 4 5 6 |  6.0
Maces & Flails | 1 4 7 8 |  8.3
Fighting       | 1 2 3 4 5 |  5.8
Staves         | 1 2 4 6 7 |  7.1
Spellcasting   | 2 |  2.7
Stealth        | 2 |  2.2
Short Blades   | |  0.9
Unarmed Combat | |  0.6
Hexes          | |  0.1
Transmutations | |  0.6
Evocations     | |  0.3

Action                   |  1- 3 |  4- 6 |  7- 9 | 10-12 || total
-------------------------+-------+-------+-------+-------++-------
Melee: Club              |   155 |     5 |       |       ||   160
       Unarmed           |    11 |       |       |       ||    11
       Punch             |     1 |       |       |       ||     1
       Short sword       |       |    43 |       |       ||    43
       Quarterstaff      |       |   124 |   353 |       ||   477
       Giant spiked club |       |       |    72 |   210 ||   282
       Flail             |       |       |    15 |       ||    15
 Cast: Sandblast         |     7 |    15 |    20 |    11 ||    53
       Blink             |       |       |     1 |     1 ||     2
       Slow              |       |       |     1 |       ||     1
Invok: Lunge             |       |     1 |    22 |    19 ||    42
       Whirlwind         |       |       |    12 |     8 ||    20
       Serpent's Lash    |       |       |     1 |     3 ||     4
 Abil: Wall Jump         |       |       |     3 |       ||     3
Evoke: Wand              |       |       |     4 |       ||     4
  Use: Scroll            |     4 |     4 |     4 |     4 ||    16
       Potion            |     1 |       |       |       ||     1
 Stab: Sleeping          |     2 |     4 |     3 |     3 ||    12
       Paralysed         |       |       |     1 |       ||     1
       Fleeing           |       |       |       |     1 ||     1
Armor: Robe              |    80 |    69 |   174 |    53 ||   376
Dodge: Dodged            |   103 |    85 |   235 |    89 ||   512

Table legend: (Time is in decaauts)
 A = Elapsed time spent in this place.
 B = Non-inter-level travel time spent in this place.
 C = Inter-level travel time spent in this place.
 D = Time resting spent in this place.
 E = Time spent auto-exploring this place.
 F = Levels seen in this place.
 G = Mean time per level.
                   A        B        C        D        E       F      G
               +--------+--------+--------+--------+--------+-----+--------+
         Total |   9708 |   8331 |   1377 |   1020 |      0 |  14 |  693.4 |
       Dungeon |   7844 |   6564 |   1280 |    765 |      0 |   9 |  871.6 |
        Temple |     89 |     25 |     64 |      0 |      0 |   1 |   89.0 |
          Lair |     69 |     69 |      0 |     13 |      0 |   1 |   69.0 |
  Orcish Mines |   1242 |   1209 |     33 |    242 |      0 |   2 |  621.0 |
       Ossuary |    463 |    463 |      0 |      0 |      0 |   1 |  463.0 |
               +--------+--------+--------+--------+--------+-----+--------+

Top non-repeatable levels by time:
     D:7: 1304 daAuts
     D:2: 1069 daAuts
     D:6: 993 daAuts
   Orc:1: 908 daAuts
     D:5: 892 daAuts
     D:1: 819 daAuts
     D:8: 720 daAuts
     D:3: 701 daAuts
     D:4: 687 daAuts
     D:9: 654 daAuts
 Ossuary: 463 daAuts
   Orc:2: 333 daAuts
  Temple: 89 daAuts
  Lair:1: 69 daAuts
